 Dungeon Crawl Stone Soup version 0.18.1-48-g4cf74bf (webtiles) character file.

101 PossumBlood the Skirmisher (level 5, -2/44 HPs)
             Began as a Formicid Fighter on Aug 26, 2016.
             Killed by divine providence
             ... invoked by an orc priest
              (10 damage)
             ... on level 3 of the Dungeon.
             The game lasted 00:03:02 (1602 turns).

PossumBlood the Skirmisher (Formicid Fighter)       Turns: 1602, Time: 00:03:02

Health: -2/44      AC:  7    Str: 21    XL:     5   Next: 4%
Magic:  5/5        EV:  7    Int:  8    God:
Gold:   118        SH:  9    Dex: 10    Spells: 0 memorised, 4 levels left

rFire  . . .     SeeInvis +     a - +0 war axe
rCold  . . .     Gourm    .     b - +0 scale mail
rNeg   . . .     Faith    .     c - +0 shield
rPois  .         Spirit   .     (helmet unavailable)
rElec  .         Dismiss  .     (no cloak)
rCorr  .         Reflect  .     (no gloves)
SustAt .         Harm     .     (no boots)
MR     .....                    (no amulet)
Stlth  ..........               (no ring)
                                (no ring)

@: not resistant to hostile enchantments, extremely unstealthy
A: permanent stasis, dig shafts and tunnels, four strong arms, antennae 3
a: Dig, Shaft Self


You were on level 3 of the Dungeon.
You were not hungry.

You visited 1 branch of the dungeon, and saw 3 of its levels.

You collected 118 gold pieces.

Inventory:

Hand Weapons
 a - a +0 war axe (weapon)
Armour
 b - a +0 scale mail (worn)
 c - a +0 shield (worn)
Jewellery
 h - an uncursed ring of ice {unknown}
Wands
 q - a wand of disintegration (13/24)
Scrolls
 e - a scroll of enchant weapon {unknown}
 n - 3 scrolls of identify {unknown}
 o - a scroll of magic mapping {unknown}
 p - a scroll of blinking {unknown}
Potions
 d - a potion of might
 j - a potion of heal wounds
 k - a potion of brilliance {unknown}
 l - a potion of agility {unknown}
 s - a potion of invisibility {unknown}
Comestibles
 f - a bread ration
 g - a slice of pizza
 i - a royal jelly
 m - a meat ration
 r - a beef jerky


   Skills:
 * Level 5.2 Fighting
 - Level 2.0 Axes
 + Level 4.1 Armour
 - Level 3.6 Shields


You had 4 spell levels left.
You didn't know any spells.

Dungeon Overview and Level Annotations

Branches:
Dungeon (3/15)

Altars:


Innate Abilities, Weirdness & Mutations

You are under a permanent stasis effect.
You can dig through walls and to a lower floor.
Your four strong arms can wield two-handed weapons with a shield.
You have a pair of large antennae on your head (SInv).


Message History

The adder closely misses you. The orc priest hits you with a dagger.
* * * LOW HITPOINT WARNING * * *
You hit the adder.
You kill the adder!
You have reached level 5!
Your shield and scale mail prevent you from hitting the orc priest.
The orc priest hits you but does no damage. x2
Unknown command.
You see here an adder corpse.
Unknown command.
You see here a scroll labeled ERGHET UMOSEZ.
Unknown command.
Your scale mail prevents you from hitting the orc priest.
The orc priest hits you but does no damage.
You barely miss the orc priest. You block the orc priest's attack.
You hit the orc priest.
The orc priest is moderately wounded.
The orc priest calls down the wrath of Beogh upon you.
Beogh smites you!
You die...

..........# .....
.........##.# #.#.# ..
..........#.# #.#.# ...
...<......#.# .... ....
..........#.. #..##....
..........#.# #).......
..........#.# #...#..<.
..........#>####o)......
##.#######...(..@.......
#. #..#####....... ##
#..# ....... { ...##
....... ....# ...>...
).....# .$..... #####.#
....... ..# .......


You could see an orc priest.

Vanquished Creatures
  An orc priest (D:3)
  3 adders
  An ooze (D:1)
  3 dart slugs (D:1)
  2 giant geckos (D:1)
  2 orcs (D:3)
  A bat (D:2)
  2 goblins
  2 hobgoblins (D:1)
  2 jackals (D:1)
  7 kobolds
  2 giant newts
  4 rats (D:1)
32 creatures vanquished.

Notes
Turn   | Place    | Note
--------------------------------------------------------------
     0 | D:1      | PossumBlood the Formicid Fighter began the quest for the Orb.
     0 | D:1      | Reached XP level 1. HP: 18/18 MP: 1/1
    85 | D:1      | Reached XP level 2. HP: 22/25 MP: 2/2
   190 | D:1      | Reached skill level 4 in Fighting
   299 | D:1      | Reached XP level 3. HP: 27/30 MP: 3/3
  1506 | D:2      | Found a faded altar to an unknown god.
  1573 | D:3      | Reached XP level 4. HP: 33/38 MP: 4/4
  1587 | D:3      | Reached skill level 5 in Fighting
  1597 | D:3      | Reached XP level 5. HP: 7/44 MP: 5/5
  1602 | D:3      | Killed from afar by an orc priest

Skill      XL: |  1  2  3  4 |
---------------+-------------+-----
Fighting       | 4 5 |  5.2
Armour         | 4 |  4.1
Axes           | |  2.0
Shields        | |  3.6

Action                   |  1- 3 |  4- 6 || total
-------------------------+-------+-------++-------
Melee: War axe           |    66 |    15 ||    81
  Use: Potion            |     1 |       ||     1
  Eat: Bread ration      |     1 |       ||     1
Armor: Scale mail        |    22 |    11 ||    33
Dodge: Dodged            |    17 |     4 ||    21
Block: Shield            |    44 |    15 ||    59
